 Dungeon Crawl Stone Soup version 0.14-a0-242-g0d450b6 (webtiles) character file.

276745 Leibowitz the Imperceptible (level 21, -1/135 HPs)
             Began as a Kobold Gladiator on Oct 11, 2013.
             Was the Champion of Okawaru.
             Slain by an ettin skeleton (32 damage)
             ... on Level 20 of the Dungeon on Oct 13, 2013.
             The game lasted 04:56:10 (55943 turns).

Leibowitz the Imperceptible (Kobold Gladiator)     Turns: 55943, Time: 04:56:11

HP  -1/135       AC  7     Str 21      XL: 21   Next: 11%
MP  25/27        EV 44     Int  6      God: Okawaru [******]
Gold 4305        SH 24     Dex 25      Spells:  0 memorised, 20 levels left

Res.Fire  : . . .   See Invis. : .   a - +6,+7 captain's cutlass {speed}
Res.Cold  : + . .   Warding    : .   S - +0 leather armour of the Saviour {Str+4 Dex+2}
Life Prot.: . . .   Conserve   : .   m - +1 buckler {rC+}
Res.Poison: .       Res.Corr.  : .   c - +0 helmet
Res.Elec. : .       Clarity    : .   K - +0 cloak {darkness}
Sust.Abil.: . .     Spirit.Shd : .   (no gloves)
Res.Mut.  : .       Stasis     : .   s - +0 pair of orc boots {Stlth+}
Res.Rott. : .       Flight     : .   Z - amulet of faith
Saprovore : + + .                    i - +3 ring of evasion
                                     X - ring of flight

@: heroism, quite resistant to hostile enchantments, uncannily stealthy
A: disease resistance, carnivore 3, saprovore 2
a: Heroism, Finesse, Renounce Religion, Evoke Invisibility, Evoke Flight
}: 2/15 runes: barnacled, gossamer


You were on level 20 of the Dungeon.
You worshipped Okawaru.
Okawaru was exalted by your worship.
You were full.

You visited 7 branches of the dungeon, and saw 44 of its levels.
You also visited: Bailey.

You collected 5270 gold pieces.
You spent 985 gold pieces at shops.

Inventory:

Hand weapons
 a - the +6,+7 captain's cutlass (weapon) {speed}
   (Okawaru gifted it to you on level 2 of the Lair of Beasts)

   Attacks with this weapon take half as long, but cause slightly less damage.
Missiles
 R - 8 poisoned tomahawks (quivered)
Armour
 c - a +0 helmet (worn)
 m - a +1 buckler of cold resistance (worn)
 s - a +0 pair of orcish boots of stealth (worn)
 G - the +3 robe "Veetz" {+Inv rF+ SInv}
   (You found it on level 10 of the Dungeon)

   It protects you from fire.
   It enhances your eyesight.
   It lets you turn invisible.
 K - a +0 cloak of darkness (worn)
 S - the +0 leather armour of the Saviour (worn) {Str+4 Dex+2}
   (You bought it in a shop on level 1 of the Vaults)

   It affects your strength (+4).
   It affects your dexterity (+2).
Magical devices
 b - a wand of disintegration (15)
 p - a wand of hasting (4)
 u - a wand of cold (8)
 w - a wand of fire (1)
 N - a wand of paralysis (13)
 U - a wand of fire (9)
 V - a wand of fire (12)
Comestibles
 f - 3 meat rations
Scrolls
 d - 10 scrolls of remove curse
 e - 7 scrolls of teleportation
 j - 8 scrolls of identify
 o - 9 scrolls of recharging
 y - 7 scrolls of magic mapping
 z - 2 scrolls of vulnerability
 A - 4 scrolls of blinking
 F - 6 scrolls of fog
 T - a scroll of silence
 W - a scroll of summoning
Jewellery
 g - an uncursed ring of invisibility
 i - a +3 ring of evasion (right hand)
 k - an uncursed ring of protection from magic
 t - an uncursed amulet of clarity
 v - an uncursed amulet of resist mutation
 B - an uncursed ring of see invisible
 H - an uncursed ring of protection from magic
 I - an uncursed ring of poison resistance
 M - an uncursed ring of positive energy
 O - the amulet of the Air {Inacc +Fly rElec EV+5 RMsl}
   (You found it on level 4 of the Lair of Beasts)

   [amulet of inaccuracy]

   It affects your evasion (+5).
   It insulates you from electricity.
   It lets you fly.
   It protects you from missiles.
 P - an uncursed amulet of conservation
 X - a ring of flight (left hand)
 Y - an uncursed amulet of resist corrosion
 Z - an amulet of faith (around neck)
Potions
 h - 5 potions of restore abilities
 l - a potion of heal wounds
 q - 3 potions of brilliance
 r - 2 potions of resistance
 x - a potion of flight
 C - a potion of berserk rage
 D - a potion of agility
 E - 17 potions of curing
 J - 7 potions of speed


   Skills:
 * Level 16.3(21.3) Fighting
 - Level 16.1(21.1) Short Blades
 - Level 2.6(7.6) Throwing
 * Level 21.8(26.8) Dodging
 * Level 22.7(27) Stealth
 * Level 12.1(17.1) Shields
 + Level 2.0 Invocations
 + Level 5.2 Evocations


You had 20 spell levels left.
You didn't know any spells.

Dungeon Overview and Level Annotations

Branches:
Dungeon (20/27)            Temple (1/1) D:7             Orc (4/4) D:11
    Elf (0/3) Orc:4          Lair (8/8) D:12         Shoals (5/5) Lair:5
 Spider (5/5) Lair:6        Slime (0/6) Lair:8       Vaults (1/5) D:18

Altars:
Ashenzari
Elyvilon
Kikubaaqudgha
Makhleb
Nemelex Xobeh
Okawaru
Sif Muna
Trog
Vehumet
Xom
Zin
the Shining One
Jiyva

Shops:
D:5 *   D:6 +   D:11 /   D:13 }/%[   D:18 =*+   Orc:1 +   Orc:4 =([*
Shoals:1 %   Shoals:3 /   Vaults:1 =![!

Portals:
Trove: D:12 (give +2 gold dragon armour)

Annotations:
Shoals:2 Wiglaf


Innate Abilities, Weirdness & Mutations

You recuperate from illness quickly.
You are small and have problems with some larger weapons.
You are carnivorous and can eat meat at any time.
You can eat rotten meat.


Message History

The tengu reaver burns you. You block the tengu reaver's attack.
You block the tengu reaver's attack.
Use which ability? (? or * to list)
You gain the combat prowess of a mighty hero.
You feel slightly less full.
The ogre mage gestures at you while chanting.
The crystal spear hits you!
* * * LOW HITPOINT WARNING * * *
The ettin skeleton completely misses you.
You block the ettin skeleton's attack.
Read which item? (? for menu, Esc to quit)
As you read the scroll of fear, it crumbles to dust.
You assume a fearsome visage.
The yaktaur looks frightened!
The ogre mage looks frightened!
The tengu reaver resists with some effort.
The ettin skeleton is unaffected.
The tengu reaver completely misses you. The tengu reaver barely misses you.
The tengu reaver claws you but does no damage.
The ettin skeleton misses you. The ettin skeleton hits you!
You die...

#### # #. ###.<# #)[##
+#... #....# #.... ......
+.>..# #cO.. ......
##..(# ... ...##....#
)#)### ... ###'#....#
)))..##...##....HZ.#.≈≈
)).)..#+#'#.....@.#.≈≈≈.
....................≈≈≈.#
........#.........(.....
............#...#.....##
#......#.......#.....##
...........#.......###
......#...........##
..........#.......+
.....#............#


You could see a tengu reaver, an ogre mage (fleeing), a yaktaur (fleeing) and an
ettin skeleton.

Vanquished Creatures
  An ancient lich (D:15)
  Norris (Spider:4)
  Mennas (Spider:5)
  Frederick (Spider:5)
  Arachne (Spider:3)
  A sphinx (D:12)
  2 krakens
  Rupert (Spider:3)
  Agnes (D:14)
  Frances (Shoals:3)
  Kirke (Shoals:4)
  A shadow dragon (D:15)
  Roxanne (Shoals:1)
  Ilsuiw (Shoals:5)
  Donald (Shoals:3)
  3 ghost moths
  A vault warden (Vaults:1)
  2 orc warlords (Orc:4)
  4 emperor scorpions
  Azrael (Spider:3)
  3 merfolk javelineers (Shoals:5)
  Snorg (Shoals:1)
  6 merfolk impalers (Shoals:5)
  2 dragons
  3 sirens (Shoals:5)
  A yaktaur captain (Vaults:1)
  11 hydras
  Fannar (D:12)
  5 merfolk aquamancers
  A great orb of eyes (D:20)
  Josephine (Shoals:1)
  Nessos (Shoals:1)
  14 death yaks
  4 ogre magi
  A rakshasa (D:17)
  Urug (D:11)
  A very ugly thing (Vaults:1)
  Nergalle (D:14)
  5 centaur warriors
  An iron golem (Vaults:1)
  A catoblepas (D:12)
  A deep elf knight (D:18)
  A skeletal warrior (D:15)
  17 sea snakes
  A flayed ghost (D:18)
  6 unseen horrors
  Erolcha (D:11)
  2 ironbrand convokers (Vaults:1)
  A lindwurm (Lair:8)
  10 hill giants
  A wizard (D:18)
  A lindwurm (shapeshifter) (D:16)
  An elf (shapeshifter) (D:18)
  3 giant amoebae
  32 harpies
  3 red wasps
  12 orc knights
  2 stone giant zombies
  2 wolf spider zombies (D:16)
  16 cyclopes
  3 orc sorcerers (Orc:4)
  40 wolf spiders
  2 black mambas
  A vault sentinel (D:20)
  5 griffons
  Maurice (Orc:2)
  11 elephants
  A deep elf summoner (D:18)
  2 stone giant skeletons
  Psyche (Orc:1)
  13 spiny frogs
  5 yaktaurs
  2 queen ants
  A moth of suppression (Spider:4)
  8 demonic crawlers
  10 mermaids
  An item mimic (Lair:5)
  32 orb spiders
  A siren zombie (Shoals:1)
  A deep elf priest (D:18)
  A jumping spider (shapeshifter) (D:16)
  6 komodo dragons
  12 trolls
  31 jumping spiders
  Sonja (D:14)
  6 polar bears (Lair:8)
  A sphinx simulacrum (D:19)
  23 slime creatures
  2 boulder beetles
  A brown ooze (shapeshifter) (D:18)
  A dragon zombie (D:16)
  A hydra skeleton (D:14)
  11 grizzly bears (Lair:8)
  17 snapping turtles
  17 blink frogs
  7 two-headed ogres
  3 wraiths
  A basilisk (shapeshifter) (D:11)
  3 basilisks
  32 trapdoor spiders
  30 ugly things
  70 yaks
  An ice dragon skeleton (Vaults:1)
  5 shadows
  2 griffon skeletons (D:17)
  53 tarantellas
  12 sharks
  4 water elementals
  A dragon skeleton (D:16)
  An ettin skeleton (Vaults:1)
  56 redbacks
  2 hill giant zombies
  A vampire (D:16)
  6 hungry ghosts
  2 hill giant skeletons
  3 wyverns
  A tarantella (shapeshifter) (D:14)
  An elephant slug (Lair:8)
  A steam dragon (Lair:8)
  A yak (shapeshifter) (D:19)
  3 fire elementals (Spider:3)
  Grum (Orc:4)
  7 wolves
  A deep elf fighter (D:18)
  47 merfolk
  23 hippogriffs
  A rock worm (D:19)
  A rock worm (shapeshifter) (D:16)
  12 vampire mosquitoes
  A hell hound (Spider:3)
  3 swamp drakes (Lair:8)
  19 manticores
  6 mottled dragons
  An agate snail zombie (D:18)
  38 soldier ants
  4 sky beasts
  A deep dwarf (D:14)
  6 ice beasts
  2 black bears (shapeshifter)
  8 porcupines
  2 yellow wasps
  A phantom (D:8)
  32 ogres
  A trapdoor spider simulacrum (D:12)
  39 orc warriors
  7 black bears
  8 giant goldfish
  7 centaurs
  A merfolk skeleton (Shoals:1)
  A boring beetle (D:15)
  15 crocodiles
  9 giant slugs
  2 big kobolds
  2 brain worms (D:16)
  17 giant frogs
  7 wargs
  16 water moccasins
  10 agate snails
  A yaktaur skeleton (D:12)
  A boulder beetle zombie (D:18)
  3 cyclops skeletons
  2 cyclops zombies
  A merfolk simulacrum (Shoals:1)
  A wyvern skeleton (D:7)
  An eye of draining (D:13)
  2 manticore skeletons
  A snapping turtle simulacrum (Shoals:1)
  21 killer bees
  A rock worm zombie (D:19)
  A fire bat (D:9)
  2 jellyfish
  5 wights (D:7)
  A troll skeleton (D:15)
  4 electric eels (D:10)
  11 crimson imps
  4 goliath beetles
  A centaur zombie (D:12)
  A two-headed ogre zombie (D:13)
  5 big fish
  17 hounds
  A gnoll shaman (D:8)
  3 jellies
  16 scorpions
  44 spiders
  14 orc priests
  A giant frog skeleton (D:12)
  44 worker ants
  6 iguanas
  25 orc wizards
  A rock worm simulacrum (D:15)
  9 boggarts
  24 sheep
  2 hound zombies (D:5)
  A mottled dragon skeleton (D:15)
  A mummy (D:13)
  A worker ant zombie (D:5)
  37 adders
  3 gnolls (D:8)
  6 giant centipedes
  4 giant mites
  12 green rats (Lair:5)
  A worm (D:6)
  An adder zombie (D:6)
  An adder skeleton (D:5)
  A giant centipede zombie (D:7)
  2 giant eyeballs
  11 giant geckos
  123 orcs
  A bat skeleton (D:6)
  5 giant cockroaches
  13 hobgoblins
  19 jackals
  24 kobolds
  8 quokkas
  2 ball pythons
  28 bats
  4 giant newts
  3 giant spores
  16 goblins
  2 hobgoblin zombies
  A kobold skeleton (D:7)
  2 orc skeletons
  An orc zombie (D:5)
  22 rats
  3 ballistomycetes
  2 plants (D:1)
1776 creatures vanquished.

Vanquished Creatures (others)
  A deep troll earth mage (Vaults:1)
  An orb spider (Spider:5)
  A jumping spider (Spider:2)
  A redback (Spider:5)
  A trapdoor spider (Spider:5)
  A merfolk (Shoals:4)
  An ice beast (D:12)
  A crimson imp (D:12)
  An orc wizard (Orc:4)
  A sheep (D:16)
  3 orcs
  A bat (D:1)
  A giant spore (D:4)
  4 fungi (Orc:4)
  6 plants
  20 tentacles (Shoals:3)
  159 tentacle segments (Shoals:3)
204 creatures vanquished.

Grand Total: 1980 creatures vanquished

Notes
Turn   | Place    | Note
--------------------------------------------------------------
     0 | D:1      | Leibowitz, the Kobold Gladiator, began the quest for the Orb.
     0 | D:1      | Reached XP level 1. HP: 13/13 MP: 0/0
   407 | D:1      | Reached skill level 1 in Stealth
   407 | D:1      | Reached XP level 2. HP: 18/18 MP: 1/1
   778 | D:1      | Reached XP level 3. HP: 22/22 MP: 2/2
   968 | D:2      | Reached XP level 4. HP: 28/28 MP: 3/3
  1006 | D:2      | Found a shattered altar of Ashenzari.
  1006 | D:2      | Found a sparkling altar of Nemelex Xobeh.
  1973 | D:3      | Reached skill level 5 in Dodging
  2602 | D:4      | Reached XP level 5. HP: 32/32 MP: 4/4
  2998 | D:4      | Reached skill level 5 in Short Blades
  3431 | D:5      | Entered Level 5 of the Dungeon
  3449 | D:5      | Noticed an ogre
  3590 | D:4      | Reached skill level 1 in Shields
  3590 | D:4      | Reached XP level 6. HP: 17/37 MP: 5/5
  3917 | D:5      | Found Rocaowir's Serpentskin Sales.
  3929 | D:5      | Noticed a centaur
  3940 | D:5      | Gained mutation: You occasionally shout uncontrollably. [potion of mutation]
  3940 | D:5      | Gained mutation: You passively map a small area around you. [potion of mutation]
  3940 | D:5      | Gained mutation: You are covered in fur (AC +1). [potion of mutation]
  3970 | D:5      | Killed a centaur
  3970 | D:5      | Reached skill level 6 in Dodging
  4243 | D:5      | HP: 1/37 [ogre/giant club (9)]
  4245 | D:5      | Killed an ogre
  4245 | D:5      | Reached XP level 7. HP: 1/41 MP: 6/6
  4468 | D:5      | Reached skill level 7 in Dodging
  4580 | D:5      | Noticed an ice beast
  4597 | D:5      | Killed an ice beast
  4821 | D:6      | Reached XP level 8. HP: 39/47 MP: 7/7
  4876 | D:6      | Reached skill level 8 in Dodging
  5121 | D:6      | Found Thucs' Book Boutique.
  5954 | D:6      | Reached skill level 9 in Dodging
  6007 | D:6      | Found a bloodstained altar of Trog.
  6205 | D:7      | Reached skill level 5 in Stealth
  6229 | D:7      | Reached XP level 9. HP: 26/52 MP: 8/8
  6842 | D:7      | Found a glowing silver altar of Zin.
  6893 | D:7      | Reached skill level 5 in Fighting
  6974 | D:7      | Found a staircase to the Ecumenical Temple.
  6983 | Temple   | Entered the Ecumenical Temple
  7115 | Temple   | Became a worshipper of Warmaster Okawaru
  7151 | D:7      | Paralysed by a giant eyeball for 2 turns
  7376 | D:7      | Reached skill level 10 in Dodging
  8123 | D:8      | Acquired Okawaru's first power
  8123 | D:8      | Reached skill level 1 in Evocations
  8300 | D:8      | Paralysed by a potion of paralysis for 6 turns
  8401 | D:8      | Reached XP level 10. HP: 56/59 MP: 10/10
  8549 | D:8      | Reached skill level 11 in Dodging
  9516 | D:10     | Entered Level 10 of the Dungeon
  9640 | D:10     | Got a sheer robe
  9660 | D:10     | Identified the +3 robe "Veetz" {+Inv rF+ SInv} (You found it on level 10 of the Dungeon)
  9724 | D:10     | Found a burning altar of Makhleb.
  9871 | D:10     | Reached skill level 5 in Shields
 10000 | D:10     | Noticed an unseen horror
 10030 | D:10     | Killed an unseen horror
 10030 | D:10     | Reached skill level 12 in Dodging
 10102 | D:10     | Reached XP level 11. HP: 64/64 MP: 11/13
 10951 | D:11     | Noticed a hill giant
 10954 | D:11     | Noticed Erolcha
 10981 | D:11     | Killed a hill giant
 10993 | D:11     | Killed Erolcha
 11270 | D:11     | Noticed Urug
 11398 | D:11     | Killed Urug
 11402 | D:11     | Reached skill level 10 in Stealth
 11554 | D:11     | Found a staircase to the Orcish Mines.
 11587 | D:11     | Noticed a hill giant
 11591 | D:11     | Found Ceddaimo's Magical Wand Shoppe.
 11602 | D:11     | Killed a hill giant
 11625 | D:11     | Noticed a hill giant
 11793 | D:11     | Reached skill level 13 in Dodging
 11966 | D:11     | Killed a hill giant
 12119 | D:12     | Noticed Fannar
 12119 | D:12     | Noticed a centaur warrior
 12131 | D:12     | HP: 2/65 [Fannar/staff of cold (7)]
 12137 | D:12     | Killed Fannar
 12503 | D:12     | Killed a centaur warrior
 12503 | D:12     | Reached XP level 12. HP: 43/72 MP: 12/15
 12634 | D:12     | Upgraded the game from 0.14-a0-226-gcf818b1 to 0.14-a0-240-g07e69d7
 12665 | D:12     | Found a staircase to the Lair.
 12669 | Lair:1   | Entered Level 1 of the Lair of Beasts
 12760 | Lair:1   | Acquired Okawaru's second power
 12761 | Lair:1   | Reached skill level 1 in Invocations
 13997 | Lair:2   | Received a gift from Okawaru
 14014 | Lair:2   | Reached skill level 14 in Dodging
 14544 | Lair:2   | Lost mutation: You passively map a small area around you. [potion of cure mutation]
 14544 | Lair:2   | Lost mutation: You are covered in fur (AC +1). [potion of cure mutation]
 14544 | Lair:2   | Lost mutation: You occasionally shout uncontrollably. [potion of cure mutation]
 14643 | Lair:2   | Received a gift from Okawaru
 15094 | Lair:3   | Noticed a death yak
 15101 | Lair:3   | Noticed a death yak
 15107 | Lair:3   | Killed a death yak
 15107 | Lair:3   | Reached skill level 10 in Short Blades
 15109 | Lair:3   | Killed a death yak
 15110 | Lair:3   | Noticed a death yak
 15113 | Lair:3   | Killed a death yak
 15113 | Lair:3   | Reached XP level 13. HP: 77/77 MP: 16/18
 15133 | Lair:3   | Received a gift from Okawaru
 15686 | Lair:3   | Noticed a four-headed hydra
 15710 | Lair:3   | Killed a seven-headed hydra
 16841 | Lair:5   | Reached skill level 15 in Stealth
 16848 | Lair:5   | Found a glowing silver altar of Zin.
 17164 | Lair:5   | Received a gift from Okawaru
 17716 | Lair:5   | Found a staircase to the Shoals.
 18512 | Lair:6   | Found a hole to the Spider Nest.
 18608 | Lair:6   | Reached XP level 14. HP: 78/84 MP: 20/20
 18722 | Lair:6   | Reached skill level 15 in Dodging
 19276 | Lair:7   | Reached skill level 16 in Stealth
 19383 | Lair:7   | Found a bloodstained altar of Trog.
 19495 | Lair:7   | Reached skill level 10 in Fighting
 19580 | Lair:7   | Received a gift from Okawaru
 20111 | Lair:7   | Received a gift from Okawaru
 20604 | Lair:8   | Entered Level 8 of the Lair of Beasts
 20734 | Lair:8   | Reached skill level 17 in Stealth
 20958 | Lair:8   | Reached XP level 15. HP: 75/91 MP: 21/21
 21481 | Lair:8   | Received a gift from Okawaru
 21950 | Lair:8   | Found a viscous altar of Jiyva.
 21951 | Lair:8   | Found a staircase to the Slime Pits.
 22775 | D:12     | Received a gift from Okawaru
 22835 | D:12     | Noticed a seven-headed hydra
 22841 | D:12     | Killed an eight-headed hydra
 23143 | D:12     | Noticed a sphinx
 23148 | D:12     | Killed a sphinx
 23148 | D:12     | Reached skill level 18 in Stealth
 23156 | D:12     | Noticed a hill giant
 23161 | D:12     | Killed a hill giant
 23173 | D:12     | Noticed a four-headed hydra
 23192 | D:12     | Killed a five-headed hydra
 23329 | D:12     | Noticed a catoblepas
 23336 | D:12     | Killed a catoblepas
 23397 | D:12     | Found a portal to a secret trove of treasure.
 23882 | Orc:1    | Entered Level 1 of the Orcish Mines
 24027 | Orc:1    | Found Vupruet's Book Boutique.
 24287 | Orc:1    | Received a gift from Okawaru
 24364 | Orc:1    | Noticed Psyche
 24371 | Orc:1    | Killed Psyche
 25116 | Orc:2    | Noticed Maurice
 25129 | Orc:2    | Killed Maurice
 25263 | Orc:4    | Entered Level 4 of the Orcish Mines
 25265 | Orc:4    | Found Oni Clun's Antique Weapon Shoppe.
 25297 | Orc:4    | Bought a smoking short sword for 270 gold pieces
 25297 | Orc:4    | Bought a steaming sabre for 297 gold pieces
 25298 | Orc:4    | Identified the +6,+2 short sword of Griatil {elec, *Rage +Rage rC+ rN+ Str+1} (You bought it in a shop on level 4 of the Orcish Mines)
 25298 | Orc:4    | Identified the +6,+2 short sword of Griatil {elec, *Rage +Rage rC+ rN+ Str+1} (You bought it in a shop on level 4 of the Orcish Mines)
 25299 | Orc:4    | Identified the cursed +2,+1 sabre of Griatzeonoe {slice, +Blink Int+2} (You bought it in a shop on level 4 of the Orcish Mines)
 25299 | Orc:4    | Identified the cursed +2,+1 sabre of Griatzeonoe {slice, +Blink Int+2} (You bought it in a shop on level 4 of the Orcish Mines)
 25316 | Orc:4    | Found a flagged portal.
 25347 | Bailey   | Entered a bailey
 25865 | Orc:4    | Found Sokh's Jewellery Emporium.
 26077 | Orc:4    | Found Sul Alat's Antique Armour Shop.
 26080 | Orc:4    | Noticed Grum
 26109 | Orc:4    | Killed Grum
 26382 | Orc:4    | Found a staircase to the Elven Halls.
 26391 | Orc:4    | Noticed an orc warlord
 26408 | Orc:4    | Found Psaucen's General Store.
 26473 | Orc:4    | Reached XP level 16. HP: 62/98 MP: 20/22
 26512 | Orc:4    | Noticed an orc warlord
 26516 | Orc:4    | Killed an orc warlord
 26960 | Orc:4    | Killed an orc warlord
 26996 | Orc:4    | Received a gift from Okawaru
 27613 | Spider:1 | Entered Level 1 of the Spider Nest
 28725 | Spider:1 | Reached skill level 19 in Stealth
 28733 | Spider:1 | Identified a scroll of acquirement
 29991 | Spider:2 | Received a gift from Okawaru
 29994 | Spider:2 | Got a faintly glowing war axe {god gift}
 29995 | Spider:2 | Identified the +9,+4 war axe of the Ass {speed, Int+2 Stlth++} (Okawaru gifted it to you on level 2 of the Spider Nest)
 29995 | Spider:2 | Identified the +9,+4 war axe of the Ass {speed, Int+2 Stlth++} (Okawaru gifted it to you on level 2 of the Spider Nest)
 30927 | Spider:3 | Noticed Azrael
 30942 | Spider:3 | Killed Azrael
 31338 | Spider:3 | Noticed Arachne
 31338 | Spider:3 | Noticed Rupert
 31341 | Spider:3 | Killed Arachne
 31341 | Spider:3 | Received a gift from Okawaru
 31341 | Spider:3 | Reached XP level 17. HP: 99/104 MP: 23/23
 31346 | Spider:3 | Killed Rupert
 31356 | Spider:3 | Got an encrusted plate armour {god gift}
 31371 | Spider:3 | Identified the +0 plate armour of the Ward {Int+5 Dam-4} (Okawaru gifted it to you on level 3 of the Spider Nest)
 32856 | Spider:4 | Noticed Norris
 32908 | Spider:4 | Killed Norris
 32910 | Spider:4 | Received a gift from Okawaru
 33312 | Spider:4 | Got a silk robe
 33528 | Spider:5 | Entered Level 5 of the Spider Nest
 33540 | Spider:5 | Noticed Frederick
 33546 | Spider:5 | Reached skill level 10 in Shields
 33601 | Spider:5 | Killed Frederick
 34048 | Spider:5 | Noticed Mennas
 34060 | Spider:5 | Killed Mennas
 34060 | Spider:5 | Reached skill level 15 in Short Blades
 34084 | Spider:5 | Received a gift from Okawaru
 34738 | Spider:5 | Reached skill level 20 in Stealth
 35418 | Spider:5 | Reached XP level 18. HP: 80/112 MP: 24/24
 36186 | Spider:5 | Got a gossamer rune of Zot
 36264 | Spider:5 | Received a gift from Okawaru
 38144 | Shoals:1 | Entered Level 1 of the Shoals
 38223 | Shoals:1 | Noticed Nessos
 38240 | Shoals:1 | Killed Nessos
 38327 | Shoals:1 | Identified the cursed -1 robe of the Thunderstorm {Str+2 Int+1} (You found it on level 4 of the Spider Nest)
 38736 | Shoals:1 | Noticed Josephine
 38974 | Shoals:1 | Killed Josephine
 39044 | Shoals:1 | Found Ashudgh's Food Shoppe.
 39073 | Shoals:1 | Noticed Roxanne
 39141 | Shoals:1 | Killed Roxanne
 39143 | Shoals:1 | Identified Roxanne's Disquisition on Stones (You took it off Roxanne on level 1 of the Shoals)
 39235 | Shoals:1 | Noticed Snorg
 39243 | Shoals:1 | Killed Snorg
 39245 | Shoals:1 | Received a gift from Okawaru
 39668 | Shoals:2 | Noticed Wiglaf
 41121 | Shoals:3 | Noticed Donald
 41133 | Shoals:3 | Killed Donald
 41151 | Shoals:3 | Got a jewelled leather armour
 41159 | Shoals:3 | Identified the +1 leather armour of Dyspraxia {MR+ Str-1} (You found it on level 3 of the Shoals)
 41780 | Shoals:3 | Received a gift from Okawaru
 42105 | Shoals:3 | Upgraded the game from 0.14-a0-240-g07e69d7 to 0.14-a0-242-g0d450b6
 42377 | Shoals:3 | Found Mumniost's Magical Wand Boutique.
 42391 | Shoals:3 | Noticed Frances
 42427 | Shoals:3 | Killed Frances
 42767 | Shoals:4 | Reached XP level 19. HP: 93/120 MP: 25/25
 43430 | Shoals:4 | Noticed Kirke
 43458 | Shoals:4 | Killed Kirke
 43580 | Shoals:4 | Received a gift from Okawaru
 44062 | Shoals:5 | Entered Level 5 of the Shoals
 44917 | Shoals:5 | Received a gift from Okawaru
 45594 | Shoals:5 | Got a barnacled rune of Zot
 45719 | Shoals:5 | Identified the Papyrus of Attacks
 45808 | Shoals:5 | Reached skill level 15 in Fighting
 46335 | Shoals:5 | Noticed Ilsuiw
 46508 | Shoals:5 | Killed Ilsuiw
 46514 | Shoals:5 | Received a gift from Okawaru
 46592 | Shoals:5 | Got a dazzling quick blade {god gift}
 46593 | Shoals:5 | Identified the +1,+0 quick blade "Fizaf" {pain, +Blink rPois} (Okawaru gifted it to you on level 5 of the Shoals)
 46593 | Shoals:5 | Identified the +1,+0 quick blade "Fizaf" {pain, +Blink rPois} (Okawaru gifted it to you on level 5 of the Shoals)
 46919 | D:13     | Found Hoawk's Gadget Shoppe.
 47057 | D:13     | Found Umemoil's Food Shop.
 47103 | D:13     | Found a bloodstained altar of Trog.
 47120 | D:13     | Found Kausiox's Magical Wand Shop.
 47549 | D:13     | Found Heumm's Armour Emporium.
 47597 | D:14     | Entered Level 14 of the Dungeon
 47606 | D:14     | Noticed Sonja
 47608 | D:14     | Killed Sonja
 47749 | D:14     | Reached skill level 21 in Stealth
 47797 | D:14     | Noticed Nergalle
 47811 | D:14     | Killed Nergalle
 48362 | D:14     | Received a gift from Okawaru
 48661 | D:14     | Noticed Agnes
 48669 | D:14     | Killed Agnes
 48669 | D:14     | Reached XP level 20. HP: 128/128 MP: 26/26
 48879 | D:15     | Entered Level 15 of the Dungeon
 49394 | D:15     | Reached skill level 5 in Evocations
 49445 | D:15     | Noticed an ancient lich
 49949 | D:15     | HP: 5/128 [disintegration (42)]
 49962 | D:15     | Killed an ancient lich
 51221 | D:16     | Found a glowing golden altar of the Shining One.
 52802 | D:18     | Found Gasa's Book Shop.
 52930 | D:18     | Found Culuh's Assorted Antiques.
 53146 | D:18     | Received a gift from Okawaru
 53223 | D:18     | Found a staircase to the Vaults.
 53255 | D:18     | Found Xanad's Jewellery Boutique.
 53472 | Vaults:1 | Entered Level 1 of the Vaults
 53774 | Vaults:1 | Reached skill level 22 in Stealth
 53782 | Vaults:1 | Found Kakajen's Jewellery Emporium.
 53850 | Vaults:1 | Found Smoalil's Distillery.
 53877 | Vaults:1 | Bought a potion of heal wounds for 42 gold pieces
 54211 | Vaults:1 | Found Ramaarot's Antique Armour Emporium.
 54226 | Vaults:1 | Bought a runed cloak for 47 gold pieces
 54226 | Vaults:1 | Bought an ichor-stained leather armour for 329 gold pieces
 54238 | Vaults:1 | Identified the +0 leather armour of the Saviour {Str+4 Dex+2} (You bought it in a shop on level 1 of the Vaults)
 54247 | Vaults:1 | Found Epaismuh's Distillery.
 55175 | D:19     | Reached XP level 21. HP: 91/135 MP: 27/27
 55698 | D:20     | Entered Level 20 of the Dungeon
 55909 | D:20     | Got a smoking amber ring
 55910 | D:20     | Identified the ring "Fretol" {Hunger MR Dam-4} (You found it on level 20 of the Dungeon)
 55943 | D:20     | Slain by an ettin skeleton

Action                   |  1- 3 |  4- 6 |  7- 9 | 10-12 | 13-15 | 16-18 | 19-21 || total
-------------------------+-------+-------+-------+-------+-------+-------+-------++-------
Melee: Short sword       |   258 |   422 |     1 |     8 |       |    31 |       ||   720
       Sabre             |       |    21 |   424 |   700 |       |       |       ||  1145
       Cutlass           |       |       |       |   119 |  1945 |  2793 |  2389 ||  7246
 Fire: Blowgun           |       |       |    36 |       |       |       |       ||    36
Throw: Tomahawk          |       |     1 |     1 |    15 |     7 |       |     2 ||    26
Invok: Heroism           |       |       |       |     5 |     5 |     7 |     9 ||    26
 Abil: Evoke Invisibilit |       |       |       |    16 |    31 |    17 |    22 ||    86
       Evoke Flight      |       |       |       |       |     6 |    10 |     5 ||    21
       Evoke Berserk Rag |       |       |       |       |       |     1 |       ||     1
       Turn Visible      |       |       |       |       |       |     1 |       ||     1
Evoke: Wand              |       |     3 |     6 |    14 |     9 |     8 |     9 ||    49
  Use: Potion            |       |     7 |     5 |     8 |     4 |     8 |     9 ||    41
       Scroll            |       |       |     9 |    11 |     9 |    13 |    12 ||    54
 Stab: Sleeping          |     1 |     4 |    12 |    45 |   194 |   116 |   128 ||   500
       Distracted        |       |       |     1 |       |    11 |    13 |     7 ||    32
       Invisible         |       |       |       |    23 |   100 |    20 |    75 ||   218
       Fleeing           |       |       |       |       |     3 |       |     1 ||     4
       Paralysed         |       |       |       |       |     1 |       |       ||     1
       Held in net/web   |       |       |       |       |       |     2 |       ||     2
